 Dungeon Crawl Stone Soup version 0.30.1 (webtiles) character file.

Game seed: 18348536159546770255

153 Fodor the Covered (level 5, -1/46 HPs)
             Began as a Minotaur Fighter on July 9, 2023.
             Slain by an ogre
             ... wielding a +0 giant spiked club
              (16 damage)
             ... on level 4 of the Dungeon.
             The game lasted 00:13:03 (3004 turns).

Fodor the Covered (Minotaur Fighter)                Turns: 3004, Time: 00:13:04

Health: -1/46      AC:  9    Str: 23    XL:     5   Next: 12%
Magic:  4/4        EV:  9    Int:  5    God:
Gold:   82         SH:  8    Dex:  9    Spells: 4/4 levels left

rFire   . . .        j - +0 flail
rCold   . . .        l - +0 kite shield
rNeg    . . .        b - +0 scale mail
rPois   .            m - +2 hat
rElec   .            (no cloak)
rCorr   .            (no gloves)
SInv    .            (no boots)
Will    .....        (no amulet) Stlth
                     (no ring)
HPRegen 0.27/turn    (no ring)
MPRegen 0.09/turn

%: no passive effects
@: no status effects
A: horns 2, retaliatory headbutt
a: no special abilities


You were on level 4 of the Dungeon.
You visited 1 branch of the dungeon, and saw 4 of its levels.

You collected 82 gold pieces.

Inventory:

Hand Weapons
 a - a +0 long sword
 j - a +0 flail (weapon)
Armour
 b - a +0 scale mail (worn)
 l - a +0 kite shield (worn)
 m - a +2 hat (worn)
Scrolls
 e - a scroll of blinking {unknown}
 g - a scroll of torment {unknown}
 h - a scroll of noise
 n - a scroll of magic mapping
 o - a scroll of enchant weapon {unknown}
 p - a scroll of vulnerability {unknown}
 q - a scroll of identify {unknown}
 s - a scroll of fear {unknown}
Potions
 d - 3 potions of might
 f - 4 potions of curing {unknown}
 i - 2 potions of mutation {unknown}
 k - a potion of heal wounds {unknown}
 r - a potion of magic {unknown}


   Skills:
 + Level 4.2 Fighting
 + Level 3.0 Long Blades
 + Level 2.3 Maces & Flails
 + Level 5.0 Armour
 + Level 1.2 Dodging
 + Level 0.1 Stealth
 + Level 4.2 Shields


You had 4 spell levels left.
You didn't know any spells.
Your spell library contained the following spells:

 Spells                   Type           Power      Damage    Failure   Level
 Slow                     Hex            0%         N/A       95%         1
 Confusing Touch          Hex            0%         N/A       100%        3
 Vampiric Draining        Necr           0%         2d6       100%        3
 Conjure Ball Lightning   Conj/Air       0%         3x3d6     100%        6
 Discord                  Hex            0%         N/A       100%        8
 Disjunction              Tloc           0%         N/A       100%        8


Dungeon Overview and Level Annotations

Branches:
Dungeon (4/15)
 Temple: D:4-7

Altars:


Innate Abilities, Weirdness & Mutations

You have a pair of horns on your head.
You reflexively headbutt those who attack you in melee.


Message History

The hound barely misses you. The hound closely misses you.
You hit the hound.
You kill the hound!
Your Armour skill increases to level 5!
You have reached level 5!
You start resting.
HP restored.
There is a stone staircase leading down here.
You climb downwards.
You block the ogre's attack.
The endoplasm hits you but does no damage.
The phantom hits you.
There is a stone staircase leading up, spattered with blood here.
You hit the ogre. Your headbutt misses the ogre.
The ogre is lightly wounded.
You block the ogre's attack. You block the endoplasm's attack.
The phantom completely misses you. The phantom hits you.
The phantom blinks!
You blink.
An ogre comes into view. It is wielding a +0 giant club.
Found a stone staircase leading up.
You hit the endoplasm.
The endoplasm is almost dead.
The ogre shouts!
You hear a shout!
An adder comes into view.
The endoplasm barely misses you. You furiously retaliate!
You headbutt the endoplasm.
You kill the endoplasm!
The phantom closely misses you.
You sock the ogre!
The ogre is moderately wounded.
The phantom hits you.
The phantom blinks!
You blink.
The phantom hits you.
The phantom blinks!
You blink.
A ball python comes into view.
Found 18 gold pieces.
The phantom attacks as you move away! The phantom hits you.
The ogre hits you with a +0 giant spiked club!
You thump the ogre!
The ogre is severely wounded.
The ogre hits you with a +0 giant spiked club!
You die...

... #.. #... #.## ..
#...# ##.. ...
....###..##$#
#.S....ยง#..#
#.##...#....#
..........### . #.W..#
## #......#@.###.
#.#.####OO#..
.......S...## .
..###....<.##
....#.....###
....###.....########.
#.......##.....??.....
#<#####....#..........
#. ####....#.......


You could see 2 ogres, a phantom, an adder and a ball python.

Vanquished Creatures
  A hound (D:3)
  Crazy Yiuf (D:3)
  A gnoll (D:1)
  3 adders (D:3)
  A worm (D:4)
  A dart slug (D:1)
  An orc (D:3)
  5 endoplasms
  3 giant cockroaches
  4 goblins
  8 hobgoblins
  4 jackals (D:2)
  A quokka (D:1)
  3 ball pythons
  7 bats
  A frilled lizard (D:3)
  A kobold (D:3)
  5 rats
51 creatures vanquished.

Notes
Turn   | Place    | Note
-------+----------+-------------------------------------------
     0 | D:1      | Fodor the Minotaur Fighter began the quest for the Orb.
     0 | D:1      | Reached XP level 1. HP: 19/19 MP: 0/0
   154 | D:1      | Reached XP level 2. HP: 23/27 MP: 1/1
   228 | D:1      | Found a faded altar of an unknown god.
   342 | D:1      | Reached skill level 4 in Armour
   393 | D:1      | Reached XP level 3. HP: 20/33 MP: 2/2
  1817 | D:3      | Reached skill level 1 in Maces & Flails
  1820 | D:3      | Reached skill level 1 in Dodging
  1984 | D:3      | Reached XP level 4. HP: 40/40 MP: 3/3
  2530 | D:3      | Found a runed translucent door.
  2531 | D:3      | Noticed Crazy Yiuf
  2542 | D:3      | Killed Crazy Yiuf
  2910 | D:4      | Noticed a phantom
  2911 | D:4      | Noticed an ogre
  2929 | D:3      | Reached skill level 5 in Armour
  2929 | D:3      | Reached XP level 5. HP: 28/46 MP: 4/4
  3000 | D:4      | Noticed an ogre
  3004 | D:4      | Slain by an ogre

Illustrated notes

Levels and vault maps discovered:
D:1:      nzn_arrival_depleted_hourglass, layout_basic,
          chequers_ecumenical_altar_lobes
D:2:      layout_basic
D:3:      layout_rooms, serial_co_window_serial, co_window_corner_a,
          co_window_paths_b, co_window_paths_a, co_window_corner_a,
          co_window_corner_a, co_window_corner_ca, co_window_2corner,
          co_window_2corner, co_window_paths_c, co_window_of_opportunity_b,
          co_window_corner_b, co_window_paths_d, glass_columns_c,
          patterned_corridor, uniq_crazy_yiuf_cottage
D:4:      cheibrodos_pilgrimage, layout_rooms, led_sif_book,
          mainiacjoe_overflow_concentric_impassable,
          minmay_temple_entry_drinking_statues

Skill      XL: |  1  2  3  4 |
---------------+-------------+-----
Fighting       | 4 |  4.2
Armour         | 4 5 |  5.0
Shields        | 4 |  4.2
Long Blades    | 3 |  3.0
Maces & Flails | 1 2 |  2.3
Dodging        | 1 |  1.2
Stealth        | |  0.1

Action                     |  1- 3 |  4- 6 || total
---------------------------+-------+-------++-------
  Melee: Long sword        |    47 |       ||    47
         Headbutt          |    10 |     5 ||    15
         Flail             |    48 |    26 ||    74
    Use: Scroll            |       |     3 ||     3
 Armour: Scale mail        |    60 |    10 ||    70
  Dodge: Dodged            |    51 |    22 ||    73
  Block: Buckler           |    29 |     5 ||    34
         Kite shield       |       |     9 ||     9
